[Event "*** Titled Tuesday Blitz"]
[Site "Chess.com"]
[Date "2020.04.07"]
[Round "1"]
[White "vizumatv4hoda"]
[Black "The_Machine04"]
[Result "1-0"]
[WhiteElo "2738"]
[BlackElo "2390"]
[TimeControl "180+1"]
[EndTime "13:07:18 PDT"]
[Termination "vizumatv4hoda won by checkmate"]

1. e4 d6 2. d4 Nf6 3. Nc3 e5 4. dxe5 dxe5 5. Qxd8+ Kxd8 6. f4 Bb4 7. Bd2 exf4 8.
O-O-O Nbd7 9. Nf3 Re8 10. Bc4 Ke7 11. e5 Bxc3 12. Bxc3 Ng4 13. Rd4 Ne3 14. Bb3 Nc5 15. Bb4 b6 16. Rxf4 Be6 17. Nd4 a5 18. Ba3 a4 19. Bxe6 fxe6 20. Rf3 Nc4 21. Bxc5+ bxc5 22. Nb5 Nxe5 23. Rg3 Rab8 24. Nxc7 Rec8 25. Re1 Rxc7 26. Rxe5 Kf6 27. Re4 g6 28. Rxa4 Rd8 29. Rc4 Rcd7 30.
b3 Rd1+ 31. Kb2 R8d5 32. a4 Re1 33. a5 Ree5 34. Rf4+ Ke7 35. Ra4 Rd7 36. Rh3 h5 37. a6 Ra7 38. Rg3 g5 39. h4 g4 40. Rd3 Rd5 41. Rxd5 exd5 42. Kc3 Kd6 43. Kd3 Kc6 44.
Ke3 Kb6 45. Kf4 Rg7 46. a7 Rxa7 47. Rxa7 Kxa7 48. Kg5 Kb6 49. Kxh5 Kb5 50. Kxg4 Kb4 51. h5 Kc3 52. h6 Kxc2 53. h7 d4 54. h8=Q d3 55.
Qh7 Kxb3 56. Qxd3+ Kb4 57. Kf4 c4 58. Qd4 Kb3 59. g4 c3 60. Qb6+ Ka2 61. Qc5 Kb2 62. Qb4+ Kc2 63. Ke3 Kd1 64. Qb3+ c2 65. Kd3 Ke1 66.
Qxc2 Kf1 67. g5 Kg1 68. g6 Kh1 69. g7 Kg1 70. g8=Q+ Kh1 71. Qa8+ Kg1 72. Qa1# 1-0

[Event "*** Titled Tuesday Blitz"]
[Site "Chess.com"]
[Date "2020.04.07"]
[Round "1"]
[White "Fianchettoed-Tower"]
[Black "attack2mateU"]
[Result "1-0"]
[WhiteElo "2361"]
[BlackElo "2668"]
[TimeControl "180+1"]
[EndTime "13:07:18 PDT"]
[Termination "Fianchettoed-Tower won by resignation"]

1. e4 c5 2. Nf3 d6 3. Bb5+ Nd7 4. Ba4 a6 5. c4 Nf6 6. Nc3 g6 7. O-O Bg7 8. d3 O-O 9. h3 Ne8 10. Be3 Nc7 11. Rb1 Rb8 12. d4 b5 13. cxb5 axb5 14. Bc2 b4 15. Na4 Ba6 16. Re1 c4 17. d5 Nb5 18.
Nd4 Nxd4 19. Bxd4 Qa5 20. b3 c3 21. f4 Bxd4+ 22. Qxd4 Bb5 23. e5 Bxa4 24. bxa4 Qc5 25.
Red1 Rfd8 26. e6 fxe6 27. dxe6 Nf6 28. Kh1 Rdc8 29. f5 g5 30. h4 g4 31. Qf4 Kh8 32. Rd4 Nd5 33. Qe4 Nf6 34. Qf4 Nh5 35. Qxg4 Rg8 36. Qxh5 Qxd4 37. f6 Rg6 38. Bxg6 1-0

[Event "*** Titled Tuesday Blitz"]
[Site "Chess.com"]
[Date "2020.04.07"]
[Round "1"]
[White "aa175"]
[Black "Flawless_Fighter"]
[Result "1-0"]
[WhiteElo "2254"]
[BlackElo "2568"]
[TimeControl "180+1"]
[EndTime "13:07:18 PDT"]
[Termination "aa175 won on time"]

1. d4 Nf6 2. Nf3 e6 3. Bf4 d5 4. e3 Bd6 5. Nbd2 O-O 6. Bd3 c5 7. c3 b6 8. Ne5 Ba6 9. Bxa6 Nxa6 10. O-O Qc7 11. a4 Nb8 12. a5 Nc6 13. axb6 axb6 14.
Ndf3 Ne4 15. Qd3 c4 16. Nxc4 Bxf4 17. exf4 f6 18. f5 exf5 19. Ne3 Qd7 20. Qb5 Rad8 21. Nxf5 Qxf5 22. Qxc6 Rd6 23. Qc7 Rf7 24. Ra8+ Rf8 25. Rxf8+ Kxf8 26. Ra1 Qd7 27. Ra8+ Kf7 28. Qb8 Kg6 29. h4 Kh6 30. Ra7 Qg4 31. Qc7 Re6 32. Qd7 Nd2 33. Nxd2 1-0

[Event "*** Titled Tuesday Blitz"]
[Site "Chess.com"]
[Date "2020.04.07"]
[Round "1"]
[White "josiwales"]
[Black "Ariadna_Atreides"]
[Result "1-0"]
[WhiteElo "2516"]
[BlackElo "2019"]
[TimeControl "180+1"]
[EndTime "13:07:18 PDT"]
[Termination "josiwales won on time"]

1. e4 c5 2. Nc3 Nc6 3. g3 g6 4. Bg2 Bg7 5. d3 e6 6. Be3 d6 7. Qd2 Nd4 8. Nd1 Ne7 9. c3 Ndc6 10. Bh6 Bxh6 11. Qxh6 Ne5 12. Qd2 Qa5 13. f4 N5c6 14. Ne2 Bd7 15. Ne3 Qc7 16. d4 cxd4 17. Nxd4 O-O-O 18.
Nb5 Qb6 19. Nc4 Qa6 20. Ncxd6+ Kb8 21. a4 Bc8 22. e5 Nf5 23. Qe2 Rhf8 24. b4 f6 25. O-O Nxd6 26. exd6 Rxd6 27. a5 Rfd8 28. Ra2 Ne7 29. Nxd6 Qxe2 30. Rxe2 Rxd6 31. c4 Rd4 32. Re4 Rd2 33. Rfe1 Nc6 34. a6 Nxb4 35. axb7 Bxb7 36. R4e2 Rxe2 37. Rxe2 Bxg2 38. Kxg2 1-0

[Event "*** Titled Tuesday Blitz"]
[Site "Chess.com"]
[Date "2020.04.07"]
[Round "1"]
[White "erlesfar"]
[Black "AlleyOoper"]
[Result "1-0"]
[WhiteElo "2059"]
[BlackElo "2498"]
[TimeControl "180+1"]
[EndTime "13:07:18 PDT"]
[Termination "erlesfar won by checkmate"]

1. Nf3 b6 2. e4 Bb7 3. Nc3 e6 4. d4 Bb4 5. Bd3 Nf6 6. Qe2 d5 7. e5 Ne4 8. Bd2 Nxd2 9. Qxd2 Ba6 10. O-O O-O 11. h4 Bxd3 12. Qxd3 Bxc3 13. bxc3 h6 14. Qe3 Nc6 15. Qf4 f6 16. exf6 Rxf6 17. Qg4 Qd6 18. Rae1 Raf8 19. Ne5 Rf4 20. Qg3 Nxe5 21. Rxe5 R8f6 22.
f3 Qa3 23. Re3 Qxa2 24. Rxe6 Qxc2 25. Rxf6 Rxf6 26. Qxc7 Rf7 27. Qd8+ Kh7 28. Qxd5 Rc7 29. Qe4+ Qxe4 30. fxe4 Rxc3 31. Rd1 Kg8 32. d5 Kf8 33. e5 Ke8 34. e6 Re3 35. Kf2 Re5 36. Kf3 g5 37. hxg5 hxg5 38. Kg4 a5 39. Kh5 a4 40.
Kg6 Re2 41. Kxg5 a3 42. Kf6 Rf2+ 43. Ke5 a2 44. Kd6 b5 45. Rh1 b4 46. Kc6 b3 47.
d6 Rc2+ 48. Kb5 b2 49. Rh8# 1-0

[Event "*** Titled Tuesday Blitz"]
[Site "Chess.com"]
[Date "2020.04.07"]
[Round "1"]
[White "Keranke"]
[Black "tufferguy"]
[Result "1-0"]
[WhiteElo "2779"]
[BlackElo "2410"]
[TimeControl "180+1"]
[EndTime "13:07:19 PDT"]
[Termination "Keranke won on time"]

1. d4 d5 2. Bf4 Nf6 3. e3 Bf5 4. c4 e6 5. Nc3 Bd6 6. Bxd6 Qxd6 7. Qb3 Qb6 8. c5 Qxb3 9. axb3 Nc6 10. Nf3 Ke7 11. Nd2 Nb4 12. Ra4 a5 13. f3 Bd3 14.
Bxd3 Nxd3+ 15. Ke2 Nb4 16. Nb5 Kd7 17. Rc1 h5 18. e4 h4 19. e5 Nh5 20. Rca1 Nf4+ 21. Kf1 b6 22. cxb6 cxb6 23. Nd6 f6 24. Rc1 fxe5 25. Nf7 Rhc8 26. Nxe5+ Kd6 27. Raa1 Nfd3 28. Rc3 Nxe5 29. dxe5+ Kxe5 30. Re1+ Kf6 31. f4 Rxc3 32. bxc3 Nd3 33. Re3 Nc5 34. Rh3 a4 35. bxa4 Rxa4 36. Rxh4 Ra2 37. Nf3 Ne4 38. Rh8 Nxc3 39. Rb8 b5 40. g4 1-0

[Event "*** Titled Tuesday Blitz"]
[Site "Chess.com"]
[Date "2020.04.07"]
[Round "1"]
[White "FelixJoseYnojosa"]
[Black "DishonorOnYourCow"]
[Result "0-1"]
[WhiteElo "2630"]
[BlackElo "2340"]
[TimeControl "180+1"]
[EndTime "13:07:19 PDT"]
[Termination "DishonorOnYourCow won on time"]

1. c4 e5 2. Nc3 Nc6 3. Nf3 Nf6 4. e4 Bb4 5. d3 d6 6. Be2 O-O 7. h3 h6 8. O-O Bxc3 9. bxc3 a6 10. Qc2 Re8 11. Nd2 b5 12. f4 exf4 13. Rxf4 bxc4 14. Nxc4 d5 15. exd5 Nxd5 16. Rf2 Be6 17. Ba3 Qg5 18. Raf1 Bxh3 19. Bc1 Qg6 20. Bf3 Be6 21. Be4 Qh5 22. Bf3 Qh4 23. d4 Rad8 24. Qa4 Nce7 25. Bd2 Nf6 26. Ne5 Nf5 27. g3 Qxg3+ 28. Rg2 Qh3 29. Bf4 Nh4 30. Rg3 Nxf3+ 31. Rfxf3 Qh5 32. c4 Ng4 0-1

[Event "*** Titled Tuesday Blitz"]
[Site "Chess.com"]
[Date "2020.04.07"]
[Round "1"]
[White "TheBigBadChessDad"]
[Black "FelixBlohberger"]
[Result "0-1"]
[WhiteElo "2265"]
[BlackElo "2604"]
[TimeControl "180+1"]
[EndTime "13:07:20 PDT"]
[Termination "FelixBlohberger won by resignation"]

1. d4 Nf6 2. Nf3 e6 3. Bg5 h6 4. Bh4 d5 5. Nbd2 Be7 6. e3 c5 7. c3 O-O 8. Bd3 b6 9. O-O Ba6 10. Bxa6 Nxa6 11. Qe2 Nb8 12. Ne5 Nfd7 13. Bxe7 Qxe7 14.
f4 Nf6 15. Qf3 Nbd7 16. g4 Ne8 17. Nxd7 Qxd7 18. dxc5 bxc5 19. e4 Rb8 20. b3 Nc7 21. e5 f6 22. exf6 Rxf6 23. Qe2 Rbf8 24. Qe3 Qd6 25.
f5 exf5 26. g5 hxg5 27. Rae1 f4 28. Qd3 g4 29. c4 f3 30. cxd5 Rh6 31. Rf2 g3 32.
Rxf3 gxh2+ 33. Kh1 Rxf3 34. Nxf3 Qxd5 35. Qxd5+ Nxd5 36. Re8+ Kf7 37. Ra8 a6 38. Ra7+ Kg8 39. Ra8+ Kh7 40.
Rc8 Nc3 41. Rxc5 Ne4 42. Rc2 Ng3+ 43. Kg2 h1=Q+ 0-1

[Event "*** Titled Tuesday Blitz"]
[Site "Chess.com"]
[Date "2020.04.07"]
[Round "1"]
[White "Funkmaus"]
[Black "MaxVavulin"]
[Result "0-1"]
[WhiteElo "2193"]
[BlackElo "2576"]
[TimeControl "180+1"]
[EndTime "13:07:20 PDT"]
[Termination "MaxVavulin won on time"]

1. d4 g6 2. Nf3 Bg7 3. g3 d6 4. Bg2 Nd7 5. O-O e5 6. dxe5 dxe5 7. e4 Ne7 8. Nc3 O-O 9. Be3 b6 10. Qd2 Ba6 11. Rfe1 Nc6 12. Rad1 Nf6 13. Qc1 Qc8 14. Bg5 Re8 15. Nd5 Nxd5 16. Rxd5 Bc4 17. Rd2 a5 18. b3 Be6 19. Red1 h6 20. Be3 Bg4 21. Qa3 a4 22. b4 Nd4 23. Bxd4 exd4 24. Re1 c5 25. bxc5 bxc5 26. Nh4 Ra6 27. Qd3 c4 28. Qa3 Bf8 29.
Qc1 Bb4 30. Rxd4 Bxe1 31. Qxe1 Qc5 32. Qd2 c3 33. Qd3 Rf6 34. h3 Be2 35. Qe3 g5 36. Nf3 Bxf3 37. Bxf3 Rxf3 0-1

[Event "*** Titled Tuesday Blitz"]
[Site "Chess.com"]
[Date "2020.04.07"]
[Round "1"]
[White "violetflower04"]
[Black "SARGISMV"]
[Result "1-0"]
[WhiteElo "2210"]
[BlackElo "2527"]
[TimeControl "180+1"]
[EndTime "13:07:20 PDT"]
[Termination "violetflower04 won by resignation"]

1. e4 e6 2. d4 d5 3. e5 c5 4. c3 Nc6 5. Nf3 Nh6 6. Bd3 cxd4 7. cxd4 Nf5 8. Bxf5 exf5 9. Nc3 Be6 10. O-O Be7 11. a3 Rc8 12. Qd3 g5 13. b4 f4 14. Nd2 Qd7 15. Nb3 b6 16. b5 Nd8 17.
Bb2 Bf5 18. Qf3 Ne6 19. Qxd5 Qxd5 20. Nxd5 Rc2 21. Rab1 Bd3 22. Rfc1 Kd7 23. Nxe7 Kxe7 24.
d5 Nd8 25. Nd4 Rc5 26. Rxc5 bxc5 27. Rd1 cxd4 28. Rxd3 Nb7 29. Bxd4 Rc8 30. Rc3 Rd8 31. Rc7+ Rd7 32. Rxd7+ Kxd7 33. Bxa7 Na5 34. Bc5 Nb3 35.
Bb4 Nd4 36. a4 g4 37. Kf1 f3 38. Bc5 Nb3 39. Bb4 Nd4 40. gxf3 Nxf3 41. Bc3 Nxh2+ 42. Kg2 Nf3 43. Kg3 h5 44. a5 Ng5 45. Bd4 Ne4+ 46.
Kf4 Nd2 47. a6 Nb3 48. a7 Nxd4 49. a8=Q Nxb5 50. Qb7+ Nc7 51. d6 Ke6 1-0

[Event "*** Titled Tuesday Blitz"]
[Site "Chess.com"]
[Date "2020.04.07"]
[Round "1"]
[White "AquivaRubinstein"]
[Black "WiniVidiVici"]
[Result "0-1"]
[WhiteElo "2400"]
[BlackElo "2753"]
[TimeControl "180+1"]
[EndTime "13:07:21 PDT"]
[Termination "WiniVidiVici won by resignation"]

1. e4 e5 2. Nf3 Nc6 3. Bb5 a6 4. Ba4 Nf6 5. O-O Be7 6. Re1 b5 7. Bb3 d6 8. c3 O-O 9. h3 Bb7 10. d4 Re8 11. Ng5 Rf8 12. Nf3 Nd7 13. Nbd2 Bf6 14.
Nf1 Nb6 15. Ng3 g6 16. Bh6 Re8 17. Qd2 Na5 18. Bc2 Nac4 19. Qc1 exd4 20. cxd4 c5 21. b3 cxd4 22. bxc4 bxc4 23. Rb1 d3 24. Bxd3 cxd3 25. Qe3 Nc4 26. Qxd3 Na5 27. Bd2 Bc6 28. e5 dxe5 29. Qxd8 Bxd8 30. Nxe5 Bb5 31. Nf3 Rxe1+ 32. Rxe1 Nc4 33.
Bc3 f5 34. Ne5 Bf6 35. Nxc4 Bxc3 36. Rc1 Bxc4 37. Rxc3 Bxa2 38. Rc7 a5 39. Ne2 a4 40. Nc3 Bf7 41. Nb5 a3 42. Rc1 a2 43. Ra1 Rb8 44. Nc3 Rb3 45. Nxa2 Ra3 46. Rc1 Rxa2 47. Rc8+ Kg7 0-1

[Event "*** Titled Tuesday Blitz"]
[Site "Chess.com"]
[Date "2020.04.07"]
[Round "1"]
[White "lucasran"]
[Black "zmeeed67"]
[Result "1-0"]
[WhiteElo "2718"]
[BlackElo "2366"]
[TimeControl "180+1"]
[EndTime "13:07:22 PDT"]
[Termination "lucasran won on time"]

1. Nf3 d5 2. e3 Nf6 3. c4 e6 4.
b3 Be7 5. Bb2 O-O 6. Be2 a5 7. Nc3 Bd7 8. O-O Na6 9. d4 dxc4 10.
bxc4 c6 11. Rb1 Re8 12. Ne5 Rb8 13. Bf3 Qc7 14. Qe2 Bd6 15. Nxd7 Qxd7 16. g3 e5 17. Qc2 exd4 18. exd4 Qh3 19. Bg2 Qh5 20. Rfe1 Nc7 21.
Ne4 Nxe4 22. Rxe4 Rxe4 23. Bxe4 Re8 24. Kg2 Ne6 25. Bf3 Qg5 26. Bc1 Qe7 27. Be3 h6 28.
h4 Qd7 29. Qb2 Re7 30. c5 Bb8 31. Qb6 Qd8 32. Bg4 Qxb6 33. Rxb6 Bc7 34. Rxb7 Bd8 35. Rb8 1-0

[Event "*** Titled Tuesday Blitz"]
[Site "Chess.com"]
[Date "2020.04.07"]
[Round "1"]
[White "mshuaau0"]
[Black "Bathory44"]
[Result "1-0"]
[WhiteElo "2204"]
[BlackElo "2537"]
[TimeControl "180+1"]
[EndTime "13:07:22 PDT"]
[Termination "mshuaau0 won by checkmate"]

1. e4 e6 2. d4 d5 3. Nd2 a6 4.
Ngf3 c5 5. exd5 exd5 6. dxc5 Bxc5 7. Nb3 Bb6 8. h3 Nf6 9. Bd3 O-O 10. O-O Nc6 11. c3 Re8 12. Bg5 Qd6 13. Nbd4 Ne4 14. Be3 Bc7 15. Nxc6 bxc6 16. Re1 Rb8 17. Qc2 Bf5 18.
c4 Bg6 19. c5 Qd7 20. a3 f5 21. b4 f4 22. Bd4 Bh5 23. Bxe4 dxe4 24. Rxe4 Bxf3 25. gxf3 Qxh3 26. Qb3+ Kh8 27. Rae1 Qh5 28. Qc3 Qg6+ 29. Kf1 Rxe4 30. Rxe4 Rd8 31. Re7 Qb1+ 32. Kg2 Qg6+ 33. Kf1 Qb1+ 34. Ke2 Qa2+ 35. Qb2 Qc4+ 36. Ke1 Bb8 37. Bxg7+ Kg8 38. Bh6 Be5 39. Rxe5 Qd3 40.
Rg5+ Kf7 41. Qg7+ Ke6 42. Re5# 1-0

[Event "*** Titled Tuesday Blitz"]
[Site "Chess.com"]
[Date "2020.04.07"]
[Round "1"]
[White "mattcolins2025"]
[Black "dragos420"]
[Result "1/2-1/2"]
[WhiteElo "2174"]
[BlackElo "2518"]
[TimeControl "180+1"]
[EndTime "13:07:22 PDT"]
[Termination "Game drawn by agreement"]

1. d4 Nf6 2. c4 e6 3. Nc3 Bb4 4. Qc2 O-O 5. a3 Bxc3+ 6. Qxc3 d5 7. Bg5 dxc4 8. Qxc4 b6 9. Rd1 Ba6 10. Qa4 Qd7 11. Qc2 Qe7 12. Nf3 h6 13. Bxf6 Qxf6 14. g3 c5 15. Bg2 Bb7 16. O-O Nd7 17. Ne5 Bxg2 18. Nxd7 Qe7 19. Kxg2 Qxd7 20. dxc5 Qc6+ 21. Kg1 Rac8 22. b4 bxc5 23. bxc5 Qxc5 24. Qxc5 Rxc5 25. Rd7 Ra5 26. Ra1 Rc8 27. Rb1 Rxa3 28. Rbb7 Rf8 29. Rxa7 Rxa7 30. Rxa7 g5 31. g4 Kg7 32. Kg2 Kf6 33.
Kf3 Rb8 34. e3 Rb1 35. h3 Rh1 36. Kg2 Rc1 37. Kf3 Kg6 38. Ra8 Rc7 39. Kg3 Kg7 40.
h4 Rc2 41. hxg5 hxg5 42. Ra5 Kf6 43. Kf3 Kg6 44. Kg3 Rc3 45. Rb5 f5 46. gxf5+ exf5 47. Rb6+ Kh5 48. Rb8 f4+ 49. Kf3 fxe3 50. Rh8+ Kg6 51.
fxe3 Kf5 52. Rf8+ Kg6 53. Rg8+ Kf6 54. Rf8+ Kg7 55. Ra8 Rc5 56. Ra6 Re5 57. e4 Re7 58. Kg4 Rxe4+ 59. Kxg5 Re5+ 60. Kf4 1/2-1/2

[Event "*** Titled Tuesday Blitz"]
[Site "Chess.com"]
[Date "2020.04.07"]
[Round "1"]
[White "AnishGiri"]
[Black "Etoilegeniale"]
[Result "1/2-1/2"]
[WhiteElo "2931"]
[BlackElo "2487"]
[TimeControl "180+1"]
[EndTime "13:07:23 PDT"]
[Termination "Game drawn - insufficient material"]

1. d4 d5 2. c4 c6 3. Nf3 Nf6 4. e3 Bf5 5. Nc3 e6 6. Nh4 Be4 7. f3 Bg6 8. Bd2 Be7 9. Nxg6 hxg6 10. Qc2 Nbd7 11. O-O-O dxc4 12. Bxc4 b5 13. Be2 a6 14. Kb1 c5 15. dxc5 Nxc5 16. e4 Qc7 17. h4 Rc8 18. g4 b4 19. Na4 Ncxe4 20. Qxc7 Nxd2+ 21. Rxd2 Rxc7 22. Bxa6 O-O 23. g5 Nd5 24. Rc1 Rxc1+ 25. Kxc1 Ra8 26. Bb5 Bd6 27. Rd4 Rb8 28. Bc4 Be5 29. Re4 Bf4+ 30. Kc2 Bg3 31. Bxd5 exd5 32. Rd4 f6 33. gxf6 gxf6 34. Rg4 Bf2 35. Rxg6+ Kf7 36.
Rg4 f5 37. Rg5 Kf6 38. Kd3 Bxh4 39. Rh5 Bg3 40. Nc5 Rc8 41. Nd7+ Ke6 42. Nb6 Rc1 43. Rg5 Bf2 44. Rg6+ Ke5 45. Nd7+ Kf4 46. Rf6 Ra1 47. Kc2 Rxa2 48. Kb3 Rxb2+ 49. Kxb2 Bd4+ 50.
Kb3 Bxf6 51. Nxf6 Kxf3 52. Kxb4 f4 53. Nxd5 Ke4 54. Nxf4 1/2-1/2

[Event "*** Titled Tuesday Blitz"]
[Site "Chess.com"]
[Date "2020.04.07"]
[Round "1"]
[White "guillembaches"]
[Black "mrkvoz"]
[Result "0-1"]
[WhiteElo "2439"]
[BlackElo "2829"]
[TimeControl "180+1"]
[EndTime "13:07:23 PDT"]
[Termination "mrkvoz won by checkmate"]

1. e4 d6 2. d4 Nf6 3. f3 e5 4.
Ne2 exd4 5. Nxd4 d5 6. e5 Nh5 7. Be3 c5 8. Nb3 d4 9. Bf2 Nc6 10. Bb5 Nf4 11. O-O Be7 12. N1d2 O-O 13. Bxc6 bxc6 14.
Ne4 Qd5 15. Qd2 Ng6 16. Bg3 Nxe5 17. Rae1 Nc4 18. Qe2 Nxb2 19. Nc3 dxc3 20. Qxe7 Ba6 21. Re5 Qd8 22. Rfe1 Bc4 23. Qxc5 Qb6 24. Bf2 Qa6 25. Rg5 f6 26. Rg3 Rf7 27. Qd4 Qxa2 28. Qxc3 Bxb3 29. cxb3 Rb8 30. Qxc6 Qxb3 31. Re8+ Rxe8 32. Qxe8+ Rf8 33.
Qe1 Qd1 34. Qxd1 Nxd1 35. Bxa7 Ra8 36. Bd4 Ra4 37. Bxf6 g6 38. f4 Rxf4 39. Bg5 Re4 40. Rd3 Re1# 0-1

[Event "*** Titled Tuesday Blitz"]
[Site "Chess.com"]
[Date "2020.04.07"]
[Round "1"]
[White "JustKid"]
[Black "piscatorox"]
[Result "1-0"]
[WhiteElo "2584"]
[BlackElo "2238"]
[TimeControl "180+1"]
[EndTime "13:07:24 PDT"]
[Termination "JustKid won by checkmate"]

1. d4 Nf6 2. Bf4 g6 3. Nf3 Bg7 4. e3 d6 5. h3 Nbd7 6. c3 O-O 7. Bh2 c6 8. Be2 a5 9. O-O Qe8 10. c4 e5 11. Nc3 Qe7 12. Qc2 h6 13. Rfd1 Ne8 14. e4 Nc7 15. d5 c5 16. Nd2 f5 17.
f3 f4 18. a3 g5 19. b4 h5 20. bxc5 Nxc5 21. Nb3 Nxb3 22. Qxb3 Na6 23. Qb6 Nc5 24. Nb5 Ra6 25. Qc7 Qf6 26. Kf1 g4 27. hxg4 hxg4 28. Bg1 g3 29. Bxc5 dxc5 30. d6 Qh4 31. Qxc5 Rc6 32.
Qg1 Be6 33. Rac1 Rd8 34. c5 Bf6 35. Nc7 Kf7 36. Nxe6 Kxe6 37. Bc4+ Kd7 38. Bb5 Rh8 39. Bxc6+ Kxc6 40. d7 Qg5 41. Rd6+ Kc7 42. Rcd1 Bd8 43. c6 Qg8 44. R1d5 bxc6 45. Qa7# 1-0

[Event "*** Titled Tuesday Blitz"]
[Site "Chess.com"]
[Date "2020.04.07"]
[Round "1"]
[White "SlavenPastar"]
[Black "JesseFebruary"]
[Result "1-0"]
[WhiteElo "2501"]
[BlackElo "1762"]
[TimeControl "180+1"]
[EndTime "13:07:26 PDT"]
[Termination "SlavenPastar won on time"]

1. d4 Nf6 2. c4 e6 3. Nc3 d5 4. cxd5 Nxd5 5. e4 Nxc3 6. bxc3 c5 7. Nf3 cxd4 8. cxd4 Bb4+ 9. Bd2 Bxd2+ 10. Qxd2 O-O 11.
Bc4 Bd7 12. O-O a6 13. a4 Bc6 14. d5 exd5 15. exd5 Bd7 16. h3 Bf5 17. Qf4 Bg6 18. Rfe1 Nd7 19. d6 Rc8 20. Bd5 Nc5 21. Re7 Qb6 22.
a5 Qb2 23. Rf1 Nd3 24. Qg3 b6 25. axb6 Qxb6 26. Nh4 Qd4 27. Nxg6 hxg6 28. Ba2 Rcd8 29. Qxg6 Ne5 30. Qf5 Nc6 31. Rc7 Rxd6 32. Bb1 1-0

[Event "*** Titled Tuesday Blitz"]
[Site "Chess.com"]
[Date "2020.04.07"]
[Round "1"]
[White "BakaPG"]
[Black "fidezivkovic"]
[Result "1-0"]
[WhiteElo "2692"]
[BlackElo "2352"]
[TimeControl "180+1"]
[EndTime "13:07:27 PDT"]
[Termination "BakaPG won on time"]

1. e4 c5 2. Nf3 g6 3. Bc4 Nc6 4.
O-O Bg7 5. Re1 e6 6. c3 Nge7 7. Bb3 d5 8. e5 d4 9. d3 O-O 10. Bg5 h6 11. Bh4 g5 12. Bg3 Nf5 13. Ba4 Bd7 14.
h3 Qb6 15. Bb3 Nxg3 16. fxg3 Qc7 17. Qe2 Rad8 18. Nbd2 dxc3 19. bxc3 Na5 20. Nc4 Nxc4 21. Bxc4 b5 22. Bb3 a5 23. a4 b4 24. cxb4 cxb4 25. Rac1 Qb6+ 26. Kh2 Bc6 27. Nd2 Rd4 28. Nc4 Qa7 29.
Nxa5 Qxa5 30. Rxc6 Rfd8 31. Bc4 Qxa4 32. Ra6 Qd7 33.
Qf3 Qc7 34. Rc6 Qb7 35. Ba6 Qb8 36. Rf1 Rf8 37. Qh5 Qxe5 38. Bc4 Qa5 39. Rxf7 Rxf7 40. Bxe6 1-0

[Event "*** Titled Tuesday Blitz"]
[Site "Chess.com"]
[Date "2020.04.07"]
[Round "1"]
[White "canwedoit"]
[Black "Training_Day"]
[Result "1-0"]
[WhiteElo "2635"]
[BlackElo "2304"]
[TimeControl "180+1"]
[EndTime "13:07:27 PDT"]
[Termination "canwedoit won on time"]

1. d4 Nf6 2. Nf3 d5 3. Bf4 e6 4. e3 Bd6 5. Bg3 O-O 6. Bd3 b6 7. O-O Bb7 8. Nbd2 Ne4 9. c3 c5 10. Qb1 Bxg3 11. hxg3 f5 12. Qc2 Nd7 13. a4 a6 14.
Rae1 Rc8 15. Qd1 Qf6 16. Qe2 c4 17. Bb1 b5 18. a5 Bc6 19. Bc2 Rb8 20. Nxe4 dxe4 21.
Nd2 e5 22. f3 exf3 23. Nxf3 e4 24. Nh4 Qg5 25. Qf2 g6 26. Qf4 Qe7 27. Qh6 Nf6 28. Qg5 Qg7 29. Qf4 Ng4 30. Qd6 Qd7 31. Qf4 Rbd8 32.
Bd1 Nf6 33. Qg5 Qg7 34. g4 fxg4 35. Bxg4 h6 36. Be6+ Kh7 37. Qg3 Nh5 38. Qg4 Nf6 39. Qh3 Bd5 40. Nxg6 1-0

[Event "*** Titled Tuesday Blitz"]
[Site "Chess.com"]
[Date "2020.04.07"]
[Round "1"]
[White "Zkid"]
[Black "boo786"]
[Result "1-0"]
[WhiteElo "2811"]
[BlackElo "2429"]
[TimeControl "180+1"]
[EndTime "13:07:28 PDT"]
[Termination "Zkid won on time"]

1. e4 c5 2. Nf3 e6 3. d4 cxd4 4. Nxd4 Nc6 5. Nc3 Qc7 6. Be3 Nf6 7. f4 Bb4 8. Nb5 Qa5 9. e5 Ne4 10. Bd2 Nxd2 11. Qxd2 O-O 12. a3 a6 13. Nd6 f6 14.
exf6 Rxf6 15. O-O-O Bxc3 16. Qxc3 Qxc3 17. bxc3 Rxf4 18.
g3 Rf2 19. Bd3 Ne5 20. Rhf1 Nxd3+ 21. cxd3 Rf8 22. Kd2 b5 23. Ke3 Rb8 24. Kd4 Bb7 25. Rxf8+ Kxf8 26. Rf1+ Ke7 27. Ke5 Bc6 28. Rf7+ Kd8 29.
Rxg7 Kc7 30. Rxh7 Rf8 31. Rf7 Rg8 32. Ne4 Bxe4 33. dxe4 Rg5+ 34. Kf6 Rc5 35. h4 Rxc3 36. g4 Rxa3 37. g5 Rf3+ 38. Ke7 Rxf7+ 39. Kxf7 b4 40. g6 b3 41. g7 b2 42. g8=Q b1=Q 43. Qg3+ Kc6 44. Qc3+ 1-0

[Event "*** Titled Tuesday Blitz"]
[Site "Chess.com"]
[Date "2020.04.07"]
[Round "1"]
[White "eldur16"]
[Black "Pushdapawn"]
[Result "1-0"]
[WhiteElo "2557"]
[BlackElo "2196"]
[TimeControl "180+1"]
[EndTime "13:07:28 PDT"]
[Termination "eldur16 won by resignation"]

1. e4 e5 2. Nf3 Nc6 3. Bc4 Bc5 4. O-O Nf6 5. d3 h6 6. c3 Bb6 7. a4 a5 8. Nbd2 d6 9. h3 O-O 10. Bb3 Be6 11. Nc4 Ba7 12. Be3 Re8 13. Bxa7 Rxa7 14. Re1 Ne7 15. Ne3 Ng6 16. Bc2 Nf4 17. Kh2 Qc8 18.
Ng1 Ra8 19. d4 Rd8 20. Qf3 Ng6 21. g3 c6 22. Rad1 Rb8 23. Nf5 d5 24. Nxh6+ Kh7 25. dxe5 dxe4 26. Rxd8 Qxd8 27. Qe2 Nxe5 28. Bxe4+ Kxh6 29. Qe3+ g5 30. Qc1 Nxe4 31. Rxe4 Qf6 32. f4 gxf4 33.
Rxf4 Qg5 34. h4 Qg7 35. Rxf7+ Kh7 36. Rxg7+ Kxg7 37. Qf4 Ng4+ 38. Kg2 Rf8 39. Qg5+ Kf7 40. Nf3 Bd5 41. Qxg4 Ke7 42. Kf2 Bxf3 43. Qxf3 Rxf3+ 44. Kxf3 1-0

[Event "*** Titled Tuesday Blitz"]
[Site "Chess.com"]
[Date "2020.04.07"]
[Round "1"]
[White "Jbd735"]
[Black "David_Paravyan"]
[Result "0-1"]
[WhiteElo "2484"]
[BlackElo "2974"]
[TimeControl "180+1"]
[EndTime "13:07:29 PDT"]
[Termination "David_Paravyan won on time"]

1. e4 e5 2. Nf3 Nc6 3. Bb5 Nf6 4. d3 Bc5 5. Bxc6 dxc6 6. Nbd2 Nd7 7. Qe2 f6 8. Nc4 Nf8 9. h3 Be6 10. Be3 Qe7 11. O-O-O O-O-O 12. Bxc5 Qxc5 13. Qe3 Nd7 14. Qxc5 Nxc5 15. Ne3 a5 16. b3 b6 17. Kb2 Kb7 18. Rhg1 Bc8 19. g4 Rhf8 20. Rg3 g6 21. Rdg1 Rde8 22.
Nh4 Ne6 23. Nf3 Nf4 24. Rh1 Re7 25. h4 f5 26. gxf5 gxf5 27. Nxf5 Bxf5 28. exf5 Rxf5 29. Ng5 Ne2 30. Rg2 Rg7 31. Rhh2 Nd4 32. Ne4 Rgf7 33. Rg5 c5 34. Rxf5 Nxf5 35. h5 Nd6 36. Ng5 Rg7 37. Nf3 e4 38. dxe4 Nxe4 39. Ne5 Rg5 40. Nf3 Rf5 41. Ne1 Nxf2 42. Rg2 Ne4 43. h6 Rh5 44. Re2 Nf6 45. Re6 Rxh6 46. Nd3 Ng4 47. Re7 Rh2 48.
Kc3 h5 49. a3 h4 50. Re4 Nf6 0-1

[Event "*** Titled Tuesday Blitz"]
[Site "Chess.com"]
[Date "2020.04.07"]
[Round "1"]
[White "LiderChessAcademy"]
[Black "GMNeiksans"]
[Result "0-1"]
[WhiteElo "2446"]
[BlackElo "2851"]
[TimeControl "180+1"]
[EndTime "13:07:29 PDT"]
[Termination "GMNeiksans won by resignation"]

1. Nf3 Nf6 2. c4 b6 3. g3 Bb7 4. Bg2 g6 5. b3 Bg7 6. Bb2 O-O 7. O-O c5 8. Nc3 d6 9. Qc2 Nc6 10.
e3 d5 11. Nxd5 Nxd5 12. cxd5 Nb4 13. Qb1 Bxb2 14. Qxb2 Qxd5 15. d4 Qh5 16. Ne5 Bxg2 17. Kxg2 cxd4 18. exd4 Qf5 19. Rfe1 Rac8 20. Re2 Rfd8 21.
Rd1 Qe6 22. a3 Nd5 23. Nf3 Qd6 24. Rde1 e6 25. h4 h5 26. Ne5 Ne7 27. Nxf7 Kxf7 28. Rxe6 Qxe6 29. Rxe6 Kxe6 30. Qe2+ Kf7 31. Qf3+ Ke8 32.
Qb7 Rxd4 33. Qxa7 Rc6 34. Qb8+ Kf7 35. Qh8 Rf6 36. Qh7+ Ke6 37. Qh6 Rd5 38. Qe3+ Kf7 39. Qxb6 Rxb6 0-1

[Event "*** Titled Tuesday Blitz"]
[Site "Chess.com"]
[Date "2020.04.07"]
[Round "1"]
[White "Angel_Hranitel_37"]
[Black "stefan_95"]
[Result "1-0"]
[WhiteElo "2332"]
[BlackElo "2633"]
[TimeControl "180+1"]
[EndTime "13:07:29 PDT"]
[Termination "Angel_Hranitel_37 won by resignation"]

1. d4 Nf6 2. Nf3 e6 3. g3 b5 4. Bg2 Bb7 5. O-O c5 6. dxc5 Bxc5 7. b3 O-O 8. Bb2 d5 9. Ne5 Nbd7 10. Nxd7 Nxd7 11.
Nd2 Nf6 12. c4 bxc4 13. Nxc4 Rc8 14. Ne5 Qe7 15. e3 Ba3 16. Bd4 a5 17. h4 Ba6 18.
Re1 Bb4 19. Bf1 Bxf1 20. Rxf1 Ne4 21. Kg2 f6 22. Nd3 Ba3 23. f3 Nc3 24. Qd2 Nb5 25. Qxa5 Nxd4 26. exd4 Rc2+ 27. Rf2 Rfc8 28. Rf1 Bd6 29.
Rxc2 Rxc2+ 30. Rf2 Rxf2+ 31. Kxf2 h5 32. b4 g5 33. b5 gxh4 34. gxh4 f5 35. b6 Qxh4+ 36. Ke2 Qxd4 37. b7 Kf7 38. Qd8 Qb6 39. Qxb6 Bg3 40. b8=Q Bxb8 41. Qxb8 Kg6 42. a4 h4 43. a5 Kg5 44. a6 f4 45. a7 h3 46. Qxf4+ 1-0